 Dungeon Crawl Stone Soup version 0.32-a0-42-ga30500b4d3 (webtiles) character file.

Game seed: 7207640100214195325

1187 pokeman the Thaumaturge (level 8, 0/44 HPs)
             Began as a Deep Elf Hedge Wizard on Jan 29, 2024.
             Was an Initiate of Vehumet.
             Slain by a hobgoblin
             ... wielding a +0 hand axe
              (1 damage)
             ... in a bailey.
             The game lasted 00:10:57 (5890 turns).

pokeman the Thaumaturge (Deep Elf Hedge Wizard)     Turns: 5890, Time: 00:10:58

Health: 0/44       AC:  3    Str:  7    XL:     8   Next: 19%
Magic:  18/23      EV: 13    Int: 22    God:    Vehumet [......]
Gold:   95         SH:  0    Dex: 14    Spells: 17/25 levels left

rFire   + . .        B - +2 spear (flame)
rCold   . . .        (no shield)
rNeg    + . .        b - +0 robe
rPois   .            c - +0 hat
rElec   .            (no cloak)
rCorr   .            (no gloves)
SInv    .            F - +0 pair of boots
Will    .....        (no amulet)
Stlth   ++           i - ring of positive energy
HPRegen 0.27/turn    p - ring of protection from fire
MPRegen 0.18/turn

%: no passive effects
@: no status effects
A: no striking features
a: Renounce Religion


You were in a bailey.
You worshipped Vehumet.
Vehumet was noncommittal.
You visited 2 branches of the dungeon, and saw 8 of its levels.
You also visited: Bailey.

You collected 139 gold pieces.
You spent 44 gold pieces at shops.

Inventory:

Hand Weapons
 B - a +2 spear of flaming (weapon)
Missiles
 s - 3 throwing nets
Armour
 b - a +0 robe (worn)
 c - a +0 hat (worn)
 F - a +0 pair of boots (worn)
Magical Staves
 n - a staff of cold
Jewellery
 i - a ring of positive energy (left hand)
 p - a ring of protection from fire (right hand)
 r - a ring of resist corrosion
Wands
 v - a wand of flame (10)
 x - a wand of polymorph (10)
Scrolls
 a - a scroll of fog {unknown}
 e - 2 scrolls of blinking {unknown}
 j - 3 scrolls of acquirement
 k - a scroll of revelation {unknown}
 o - 2 scrolls of identify {unknown}
 q - 2 scrolls of noise
 t - 2 scrolls of amnesia {unknown}
 w - 2 scrolls of enchant weapon {unknown}
 y - a scroll of immolation {unknown}
 C - a scroll of torment {unknown}
 D - 2 scrolls of teleportation
Potions
 d - a potion of magic
 f - 3 potions of mutation {unknown}
 g - a potion of attraction {unknown}
 h - 3 potions of curing {unknown}
 l - a potion of berserk rage {unknown}
 m - a potion of heal wounds {unknown}
 u - 2 potions of might {unknown}
 z - a potion of invisibility {unknown}
 A - a potion of enlightenment {unknown}
 E - a potion of degeneration {unknown}


   Skills:
 - Level 2.0 Fighting
 + Level 2.1 Armour
 - Level 3.0 Dodging
 - Level 3.0 Stealth
 * Level 9.2 Spellcasting
 + Level 4.7 Conjurations
 - Level 1.1 Summonings
 - Level 1.1 Translocations
 + Level 3.7 Ice Magic
 - Level 1.0 Air Magic
 - Level 1.0 Alchemy
 - Level 1.0 Evocations


You had 17 spell levels left.
You knew the following spells:

 Your Spells              Type           Power      Damage    Failure   Level
a - Magic Dart            Conj           100%       1d8       1%          1
b - Mephitic Cloud        Conj/Alch/Air  19%        N/A       8%          3
c - Call Imp              Summ           28%        N/A       6%          2
d - Blink                 Tloc           28%        N/A       6%          2

Your spell library contained the following spells:

 Spells                   Type           Power      Damage    Failure   Level
 Shock                    Conj/Air       88%        1d8       1%          1
 Ozocubu's Armour         Ice            26%        N/A       4%          3
 Slow                     Hex            40%        N/A       7%          1
 Cigotuvi's Dreadful Rot  Necr/Alch/Air  26%        N/A       8%          2
 Swiftness                Air            14%        N/A       13%         3
 Tukima's Dance           Hex            10%        N/A       21%         3
 Iskenderun's Mystic Bla  Conj/Tloc      22%        2d6       21%         4
 Airstrike                Air            7%         2d(1-17)  41%         4
 Dimensional Bullseye     Hex/Tloc       6%         N/A       45%         4
 Metabolic Englaciation   Hex/Ice        9%         N/A       63%         5
 Sculpt Simulacrum        Ice/Alch       10%        N/A       98%         6


Dungeon Overview and Level Annotations

Branches:
Dungeon (9/15)             Temple (1/1) D:4          Bailey (1/1)
   Lair: D:8-11         Orc: D:9-12

Altars:
Dithmenos
Fedhas
Gozag
Hepliaklqana
Nemelex Xobeh
Ru
Uskayaw
Vehumet
Wu Jian
Xom
Yredelemnul
Zin

Shops:
D:5 =:?


Message History

A kobold comes into view.
There is an open gate here.
The gnoll is engulfed in noxious fumes.
The gnoll appears confused.
The orc warrior is engulfed in noxious fumes.
The orc warrior appears confused.
The orc warrior is engulfed in noxious fumes.
The orc warrior appears confused.
You feel ready to blink again.
The orc warrior is engulfed in noxious fumes.
The orc warrior appears confused.
Why would you want to do that?
The orc warrior is engulfed in noxious fumes.
The orc warrior grins madly.
The gnoll closely misses itself.
Casting: Blink (safe; 6% risk of failure)
Confirm with . or Enter, or press ? or * to list all spells.
Aiming: Mephitic Cloud (dangerous; 8% risk of failure)
Press: ? - help, Shift-Dir - straight line, f - gnoll, p - gnoll
Aim: a gnoll, wielding a +0 hand axe and wearing a +0 leather armour (chance to affect: 91%)
The ball explodes into a vile cloud!
The stinking cloud engulfs the gnoll.
You hear a shout! x2
The gnoll is engulfed in noxious fumes.
The gnoll appears confused.
Unknown command.
You hit the gnoll. You burn the gnoll.
The gnoll is moderately wounded.
The gnoll falls into the water!
The gnoll drowns.
Vehumet accepts your kill.
You hear a splash. x2
Unknown command.
You closely miss the hobgoblin. The hobgoblin misses you.
Unknown command.
You hit the orc warrior but do no damage.
The orc warrior is heavily wounded.
The hobgoblin barely misses you.
The gnoll chortles and stares into space.
The orc warrior hits you with a +0 hand axe!
* * * LOW HITPOINT WARNING * * *
The hobgoblin hits you with a +0 hand axe.
You die...

≈≈♣♣ ≈≈≈♣ #≈≈♣
#≈≈♣ ...8.. #≈≈♣
#...... #≈≈♣ ~
#..... ##§≈♣ .[
#.....##☼.@♣
.?~#....##§☼go♣
.8##....#...g.♣♣
..#.....'......♣
.o#.....'...∩.∩♣
..#.....'......♣
.8##...K#..°..♣♣
.!~#....##.°..♣
.} #.....##...♣


You could see an orc warrior (confused), a gnoll (confused), a hobgoblin and a
kobold.

Vanquished Creatures
  Sigmund (D:3)
  Duvessa (D:5)
  An ice beast (D:5)
  Pargi (D:3)
  A phantom (D:5)
  A bullfrog (D:9)
  A gnoll sergeant (D:5)
  A scorpion (D:5)
  Dowan (D:5)
  A bombardier beetle (D:3)
  A jelly (D:4)
  2 hounds
  An iguana (D:5)
  11 gnolls
  7 adders
  A shadow imp (D:5)
  2 ufetubi (D:5)
  6 dart slugs
  2 ribbon worms (D:3)
  2 orcs
  4 bats
  7 endoplasms
  3 giant cockroaches
  10 goblins
  8 hobgoblins
  4 jackals (D:2)
  2 quokkas
  8 ball pythons
  4 frilled lizards (D:1)
  10 kobolds
  4 rats
109 creatures vanquished.

Vanquished Creatures (others)
  An angel (D:3)
  A ball python (D:3)
2 creatures vanquished.

Grand Total: 111 creatures vanquished

Notes
Turn   | Place    | Note
-------+----------+-------------------------------------------
     0 | D:1      | pokeman the Deep Elf Hedge Wizard began the quest for the
                  | Orb.
     0 | D:1      | Reached XP level 1. HP: 10/10 MP: 7/7
   410 | D:1      | Reached XP level 2. HP: 15/15 MP: 6/9
  1161 | D:2      | Reached skill level 5 in Spellcasting
  1161 | D:2      | Reached XP level 3. HP: 16/20 MP: 5/11
  1167 | D:1      | Learned a level 3 spell: Mephitic Cloud
  1170 | D:1      | Learned a level 2 spell: Call Imp
  1173 | D:1      | Learned a level 2 spell: Blink
  1373 | D:2      | Reached skill level 1 in Armour
  1569 | D:2      | Reached skill level 1 in Fighting
  1792 | D:2      | Found an opulent altar of Gozag.
  1897 | D:2      | Reached XP level 4. HP: 25/25 MP: 5/13
  2100 | D:2      | Found a faded altar of an unknown god.
  2494 | D:3      | Noticed Pargi
  2514 | D:3      | Killed Pargi
  2515 | D:3      | Reached skill level 6 in Spellcasting
  2515 | D:3      | Reached skill level 1 in Alchemy
  2515 | D:3      | Reached XP level 5. HP: 29/29 MP: 3/15
  2671 | D:3      | Reached skill level 1 in Ice Magic
  2671 | D:3      | Reached skill level 1 in Air Magic
  2671 | D:3      | Reached skill level 1 in Evocations
  2810 | D:3      | Reached XP level 6. HP: 16/34 MP: 8/17
  3232 | D:3      | Noticed an angel
  3233 | D:3      | Found a glowing silver altar of Zin.
  3233 | D:3      | Found a shimmering altar of Xom.
  3297 | D:3      | Noticed Sigmund
  3308 | D:3      | Killed Sigmund
  3309 | D:3      | Reached skill level 7 in Spellcasting
  3523 | D:3      | Killed an angel
  3827 | D:4      | Reached XP level 7. HP: 36/39 MP: 11/19
  4021 | D:4      | Found a staircase to the Ecumenical Temple.
  4033 | Temple   | Entered the Ecumenical Temple
  4058 | Temple   | Became a worshipper of Vehumet
  4552 | D:5      | Entered Level 5 of the Dungeon
  4552 | D:5      | Found Afobety's Jewellery Boutique.
  4654 | D:5      | Found Xobrim's Book Emporium.
  4711 | D:5      | Reached skill level 8 in Spellcasting
  5029 | D:5      | Found Uqufabax's Magic Scroll Shop.
  5041 | D:5      | Bought a scroll of noise for 11 gold pieces
  5041 | D:5      | Bought a scroll of teleportation for 33 gold pieces
  5172 | D:5      | Noticed Duvessa
  5173 | D:5      | Noticed Dowan
  5188 | D:5      | Killed Duvessa
  5196 | D:5      | Killed Dowan
  5295 | D:5      | Reached XP level 8. HP: 44/44 MP: 18/22
  5464 | D:5      | Reached skill level 9 in Spellcasting
  5779 | D:6      | You fall into a shaft and drop 3 floors!
  5807 | D:9      | Found a flagged portal.
  5859 | Bailey   | Entered a bailey
  5880 | Bailey   | Noticed an orc warlord
  5890 | Bailey   | HP: 1/44 [orc warrior/+0 hand axe (11)]
  5890 | Bailey   | Slain by a hobgoblin

Illustrated notes

Levels and vault maps discovered:
D:1:      dpeg_arrival_simpleton_b, layout_loops_ring,
          chequers_serial_rivers_micro_a
D:2:      layout_basic, basic_altar, hellmonk_ecumenical_altar_crossroads,
          minmay_misc_feat_plants, nrook_mini_vaults
D:3:      layout_loops_corners, grunt_temple_overflow_order_and_chaos_1,
          uniq_sigmund, uniq_terence, uniq_pargi
D:4:      layout_loops_ring, minmay_temple_entry_large_hall
D:5:      layout_loops_ring, serial_shops, nicolae_shop_statue_plus, shop,
          shop_fountains, minmay_crystal_water, grunt_decor_arrowhead,
          kennysheep_generic_room_15, uniq_duvessa
D:6:      layout_loops_corners, lemuel_tele_altar, uniq_edmund, uniq_maggie
D:9:      gammafunk_indiana_jones, layout_gridville, enter_bailey_3,
          nicolae_beast_mode, uniq_pikel
Temple:   hellmonk_temple_beads
Bailey:   bailey_axe_bossmonster_kennysheep, bailey

Skill      XL: |  1  2  3  4  5  6  7  8 |
---------------+-------------------------+-----
Spellcasting   | 5 6 7 8 9 |  9.2
Armour         | 1 2 |  2.1
Fighting       | 1 2 |  2.0
Conjurations   | 2 3 4 |  4.7
Dodging        | 3 |  3.0
Stealth        | 3 |  3.0
Alchemy        | 1 |  1.0
Ice Magic      | 1 2 3 |  3.7
Air Magic      | 1 |  1.0
Evocations     | 1 |  1.0
Summonings     | |  1.1
Translocations | |  1.1

Action                     |  1- 3 |  4- 6 |  7- 9 || total
---------------------------+-------+-------+-------++-------
  Melee: Dagger            |    22 |    43 |    19 ||    84
         Punch             |     1 |       |     1 ||     2
         Spear             |       |       |    43 ||    43
   Cast: Magic Dart        |    98 |    91 |    76 ||   265
         Mephitic Cloud    |     1 |     6 |     9 ||    16
         Blink             |       |       |     2 ||     2
         Call Imp          |       |       |     1 ||     1
   Stab: Confused          |     1 |     6 |    12 ||    19
 Armour: Robe              |    18 |    20 |    21 ||    59
  Dodge: Dodged            |    20 |    32 |    21 ||    73

Table legend: (Time is in decaauts)
 A = Elapsed time spent in this place.
 B = Non-inter-level travel time spent in this place.
 C = Inter-level travel time spent in this place.
 D = Time resting spent in this place.
 E = Time spent auto-exploring this place.
 F = Levels seen in this place.
 G = Mean time per level.
                   A        B        C        D        E       F      G
               +--------+--------+--------+--------+--------+-----+--------+
         Total |   5897 |   5687 |    210 |     29 |   4898 |   9 |  655.2 |
       Dungeon |   5815 |   5653 |    162 |     29 |   4892 |   7 |  830.7 |
        Temple |     50 |      2 |     48 |      0 |      0 |   1 |   50.0 |
        Bailey |     31 |     31 |      0 |      0 |      6 |   1 |   31.0 |
               +--------+--------+--------+--------+--------+-----+--------+

Top non-repeatable levels by time:
     D:3: 1459 daAuts
     D:1: 1261 daAuts
     D:5: 1206 daAuts
     D:2: 1056 daAuts
     D:4: 723 daAuts
     D:9: 82 daAuts
  Temple: 50 daAuts
  Bailey: 31 daAuts
     D:6: 25 daAuts
